 Dungeon Sprint DCSS version 0.24-a0-243-g8f5f5cd (webtiles) character file.

Game seed: 4060478793544217190

213 MikeHunt the Cruncher (level 5, -13/50 HPs)
             Began as an Ogre Gladiator on Apr 10, 2019.
             Mangled by a queen bee (14 damage)
             ... in the Dungeon (Sprint IV: "Fedhas' Mad Dash").
             The game lasted 00:01:58 (716 turns).

MikeHunt the Cruncher (Ogre Gladiator)               Turns: 716, Time: 00:01:59

Health: -13/50     AC:  3    Str: 18    XL:     5   Next: 90%
Magic:  3/7        EV: 12    Int:  9    God:
Gold:   68         SH:  0    Dex: 11    Spells: 4/4 levels left

rFire    . . .     SeeInvis .   a - +0 quarterstaff
rCold    . . .     Gourm    .   (shield currently unavailable)
rNeg     . . .     Faith    .   b - +0 robe
rPois    .         Spirit   .   c - +0 hat
rElec    .         Reflect  .   (no cloak)
rCorr    .         Harm     .   (gloves unavailable)
MR       .....     NoTele   +   (boots unavailable)
Stlth    ++........             n - amulet of invisibility {+Inv}
HPRegen  0.16/turn              l - ring of stealth
MPRegen  0.10/turn              (no ring)

@: lethally poisoned (-13 -> -18), berserk cooldown, very slightly contaminated,
slowed, very slow
A: large, unfitting armour, tough skin 1
a: Evoke Invisibility


You were in the Dungeon.
You were not hungry.

You visited 1 branch You collected 68 gold pieces.

Inventory:

Hand Weapons
 a - a +0 quarterstaff (weapon)
Missiles
 d - 3 throwing nets (quivered)
 m - 13 stones
 o - 15 sling bullets
Armour
 b - a +0 robe (worn)
 c - a +0 hat (worn)
Jewellery
 l - a ring of stealth (left hand)
 n - the amulet of invisibility (around neck) {+Inv}
   (You found it in the Dungeon)

   [amulet of nothing]

   It lets you turn invisible.
Scrolls
 k - a scroll of blinking
Potions
 h - a potion of haste
 i - 2 potions of magic
Comestibles
 f - a ration


   Skills:
 - Level 2.6 Fighting
 + Level 9.7 Staves
 - Level 2.0 Throwing
 + Level 5.6 Dodging
 + Level 3.6 Evocations


You had 4 spell levels left.
You didn't know any spells.
Your spell library was empty.

Dungeon Overview and Level Annotations

Branches:
Dungeon (1/1)

Altars:


Innate Abilities, Weirdness & Mutations

You are too large for most types of armour.
You have tough skin. (AC +1)


Message History

You sock the killer bee!
You kill the killer bee!
You are no longer berserk.
You are exhausted.
You feel yourself slow down.
* * * LOW HITPOINT WARNING * * *
You feel sick. The queen bee misses you.
You feel much better.
You flicker back into view.
You feel very sick. The killer bee stings you. The killer bee stings you!
* * * LOW HITPOINT WARNING * * *
The queen bee misses you. The killer bee misses you.
You feel better. The killer bee stings you!
* * * LOW HITPOINT WARNING * * *
You are poisoned.
The killer bee poisons you! The killer bee stings you!
* * * LOW HITPOINT WARNING * * *
The queen bee stings you!
You die...

##################
#<..P#.....#.....#
#PP..÷.....'.#...+
#PPPP#.....#.#...#
###############'##
#...♣.y@.....'...#
#%....y♣.....#...#
#.....♣.†♣..######
##+####+#####


You could see a queen bee and a killer bee.

Vanquished Creatures
  3 killer bees (D)
  2 oklob saplings (D)
  A worker ant (D)
  A river rat (D)
  A rat (D)
8 creatures vanquished.

Notes
Turn   | Place    | Note
-------+----------+-------------------------------------------
     0 | D        | MikeHunt the Ogre Gladiator began the quest for the Orb.
     0 | D        | Reached XP level 1. HP: 22/22 MP: 1/1
    11 | D        | Reached skill level 5 in Staves
    11 | D        | Reached XP level 2. HP: 28/29 MP: 2/2
   126 | D        | Noticed an oklob sapling
   339 | D        | Killed an oklob sapling
   339 | D        | Reached skill level 7 in Staves
   339 | D        | Reached XP level 3. HP: 36/36 MP: 3/3
   343 | D        | Found the amulet of invisibility {+Inv}
   344 | D        | Reached skill level 8 in Staves
   344 | D        | Reached XP level 4. HP: 40/44 MP: 4/4
   690 | D        | Noticed a queen bee
   700 | D        | Reached skill level 9 in Staves
   700 | D        | Reached XP level 5. HP: 50/50 MP: 2/6
   703 | D        | Reached skill level 5 in Dodging
   716 | D        | HP: 1/50 [killer bee (8)]
   716 | D        | Mangled by a queen bee

Levels and vault maps discovered:
D:        dungeon_sprint_fedhas [sprint_temple]

Skill      XL: |  1  2  3  4  5 |
---------------+----------------+-----
Staves         | 5 7 8 9 |  9.7
Dodging        | 4 5 |  5.6
Evocations     | 2 3 |  3.6
Fighting       | |  2.6
Throwing       | |  2.0

Action                   |  1- 3 |  4- 6 || total
-------------------------+-------+-------++-------
Melee: Quarterstaff      |    12 |    22 ||    34
 Abil: Evoke Invisibilit |       |     2 ||     2
  Use: Potion            |       |     3 ||     3
 Stab: Invisible         |       |     7 ||     7
Armor: Robe              |     1 |       ||     1
Dodge: Dodged            |     4 |    23 ||    27

Table legend:
 A = Non-vault XP
 B = Vault XP
 C = Vault XP percentage of total XP
 D = Non-vault monster count
 E = Vault monster count
 F = Vault count percentage of total count
                 A         B        C        D         E       F
            +---------+---------+-------+---------+---------+-------
      Total |       0 |     305 | 100.0 |       0 |       8 | 100.0
            +---------+---------+-------+---------+---------+-------
          D |       0 |     305 | 100.0 |       0 |       8 | 100.0
            +---------+---------+-------+---------+---------+-------
